 Dungeon Crawl Stone Soup version 0.31-a0-700-gf13585253f (webtiles) character file.

Game seed: 10449961520623560441

145 GigaChad the Shield-Bearer (level 5, -3/42 HPs)
             Began as a Formicid Fighter on Sept 7, 2023.
             Slain by Ijyb
             ... wielding a +5 club
              (6 damage)
             ... on level 3 of the Dungeon.
             The game lasted 00:02:22 (1572 turns).

GigaChad the Shield-Bearer (Formicid Fighter)       Turns: 1572, Time: 00:02:23

Health: -3/42      AC: 10    Str: 22    XL:     5   Next: 53%
Magic:  5/5        EV: 10    Int:  8    God:
Gold:   122        SH:  0    Dex: 13    Spells: 4/4 levels left

rFire   . . .        a - +0 war axe
rCold   . . .        c - +0 buckler
rNeg    . . .        b - +0 scale mail
rPois   .            (helmet unavailable)
rElec   .            (no cloak)
rCorr   .            l - +2 pair of gloves of Zamoisi {Fly}
SInv    +            (no boots)
Will    .....        (no amulet) Stlth
                     (no ring)
HPRegen 0.27/turn    (no ring)
MPRegen 0.09/turn

%: no passive effects
@: confused, flying
A: permanent stasis, dig shafts and tunnels, antennae 3, four strong arms
a: Dig, Shaft Self


You were on level 3 of the Dungeon.
You visited 1 branch of the dungeon, and saw 3 of its levels.

You collected 122 gold pieces.

Inventory:

Hand Weapons
 a - a +0 war axe (weapon)
Armour
 b - a +0 scale mail (worn)
 c - a +0 buckler (worn)
 l - the +2 pair of gloves of Zamoisi (worn) {Fly}
   (You found it on level 2 of the Dungeon)

   Fly:       It grants you flight.
Jewellery
 e - an amulet of magic regeneration
Scrolls
 f - a scroll of revelation
 g - a scroll of vulnerability {unknown}
 k - 3 scrolls of identify
 m - a scroll of enchant weapon {unknown}
 n - a scroll of fear {unknown}
Potions
 d - a potion of might
 h - 3 potions of brilliance {unknown}
 i - a potion of attraction {unknown}
 j - 2 potions of degeneration {unknown}
 o - a potion of lignification {unknown}


   Skills:
 + Level 3.8 Fighting
 + Level 3.3 Axes
 + Level 4.3 Armour
 + Level 1.3 Dodging
 + Level 0.2 Stealth
 + Level 4.6 Shields


You had 4 spell levels left.
You didn't know any spells.
Your spell library contained the following spells:

 Spells                   Type           Power      Damage    Failure   Level
 Poisonous Vapours        Pois/Air       0%         N/A       90%         2
 Sublimation of Blood     Necr           0%         N/A       90%         2
 Wereblood                Tmut           0%         N/A       90%         2
 Mephitic Cloud           Conj/Pois/Air  0%         N/A       99%         3
 Freezing Cloud           Conj/Ice/Air   0%         6-21      100%        5
 Summon Hydra             Summ           0%         N/A       100%        7


Dungeon Overview and Level Annotations

Branches:
Dungeon (3/15)

Altars:

Shops:
D:1 [

Annotations:
D:3 Ijyb


Innate Abilities, Weirdness & Mutations

You cannot be hasted, slowed, berserked, paralysed or teleported.
You can dig through walls and to a lower floor.
You have a pair of large antennae on your head. (SInv)
Your four strong arms can wield two-handed weapons with a shield.


Message History

Ijyb zaps a wand.
Your will is overpowered!
You are more confused.
You bump into the rock wall.
The hobgoblin closely misses you.
Ijyb zaps a wand.
Your will is overpowered!
You are more confused.
The hobgoblin throws a stone.
The stone hits you but does no damage.
Ijyb zaps a wand.
Your will is overpowered!
You are more confused.
The hobgoblin throws a stone.
The stone barely misses you.
You're too confused to move!
You closely miss Ijyb.
Ijyb is almost dead.
Ijyb zaps a wand.
You resist with some effort.
The hobgoblin hits you but does no damage.
You bump into the rock wall.
Ijyb hits you but does no damage.
The hobgoblin hits you but does no damage.
Ijyb zaps a wand.
You resist with some effort.
You bump into the rock wall.
You bump into the rock wall.
Ijyb barely misses you. The hobgoblin hits you.
You bump into the rock wall.
Ijyb zaps a wand.
Your will is overpowered!
You are more confused.
The hobgoblin barely misses you.
You bump into the rock wall.
Ijyb zaps a wand.
You resist with some effort. The hobgoblin hits you.
* * * LOW HITPOINT WARNING * * *
Ijyb zaps a wand.
You resist with some effort.
You miss the hobgoblin.
The hobgoblin is moderately wounded.
You closely miss Ijyb. Ijyb hits you with a +5 club.
* * * LOW HITPOINT WARNING * * *
The hobgoblin closely misses you. Ijyb hits you with a +5 club.
* * * LOW HITPOINT WARNING * * *
Ijyb hits you with a +5 club.
* * * LOW HITPOINT WARNING * * *
The hobgoblin hits you but does no damage.
You barely miss Ijyb.
Ijyb is almost dead.
You hit the hobgoblin. Ijyb hits you with a +5 club.
You die...

##### # .##...# #
#.##...# #####
#.##...###....
#.#......'....
#.#....###....
#.#...........
######'#....###....
#.@...>.....# #....
#gg.........###....
#.................#
######'#.#.......##
#.#.##<######
#.#....#####
#.####.....###
#....'........
######..[..###


You could see Ijyb and a hobgoblin.

Vanquished Creatures
  A hound (D:3)
  Natasha (twice) (D:2)
  2 adders
  A dart slug (D:1)
  2 ball pythons
  6 endoplasms
  A giant cockroach (D:1)
  4 goblins
  4 hobgoblins
  3 quokkas
  4 bats
  5 frilled lizards
  4 kobolds
  6 rats
45 creatures vanquished.

Notes
Turn   | Place    | Note
-------+----------+-------------------------------------------
     0 | D:1      | GigaChad the Formicid Fighter began the quest for the Orb.
     0 | D:1      | Reached XP level 1. HP: 18/18 MP: 1/1
    77 | D:1      | Found Liabemp's Armour Boutique.
    87 | D:1      | Reached XP level 2. HP: 24/24 MP: 2/2
   263 | D:1      | Reached XP level 3. HP: 30/30 MP: 3/3
   558 | D:2      | Found a faded altar of an unknown god.
   693 | D:2      | Identified the +2 pair of gloves of Zamoisi {Fly}
   698 | D:2      | Reached XP level 4. HP: 37/37 MP: 4/4
   778 | D:2      | Noticed Natasha
   799 | D:2      | Killed Natasha
   800 | D:2      | Reached skill level 1 in Dodging
  1107 | D:2      | Noticed Natasha
  1112 | D:2      | Killed Natasha
  1113 | D:2      | Reached XP level 5. HP: 34/42 MP: 5/5
  1190 | D:3      | Identified the +0 robe "Foatafoi" {rC- Regen+ Int+3}
  1504 | D:3      | Noticed Ijyb
  1571 | D:3      | HP: 2/42 [Ijyb/+5 club (4)]
  1572 | D:3      | Slain by Ijyb

Illustrated notes

Levels and vault maps discovered:
D:1:      beargit_arrival_greenhouse, layout_rooms, serial_shops, shop
D:2:      layout_loops_ring, ebering_ecumenical_altar_box,
          amcnicky_mini_corridor_feature, uniq_natasha
D:3:      layout_basic, kennysheep_slug_shrine, uniq_ijyb

Skill      XL: |  1  2  3  4 |
---------------+-------------+-----
Dodging        | 1 |  1.3
Axes           | 3 |  3.3
Armour         | 4 |  4.3
Fighting       | |  3.8
Stealth        | |  0.2
Shields        | |  4.6

Action                     |  1- 3 |  4- 6 || total
---------------------------+-------+-------++-------
  Melee: War axe           |    80 |    80 ||   160
    Use: Scroll            |       |     1 ||     1
 Armour: Scale mail        |    50 |    92 ||   142
  Dodge: Dodged            |    45 |    46 ||    91
  Block: Buckler           |    23 |    27 ||    50

Table legend: (Time is in decaauts)
 A = Elapsed time spent in this place.
 B = Non-inter-level travel time spent in this place.
 C = Inter-level travel time spent in this place.
 D = Time resting spent in this place.
 E = Time spent auto-exploring this place.
 F = Levels seen in this place.
 G = Mean time per level.
                   A        B        C        D        E       F      G
               +--------+--------+--------+--------+--------+-----+--------+
         Total |   1634 |   1609 |     25 |      0 |   1161 |   3 |  544.7 |
       Dungeon |   1634 |   1609 |     25 |      0 |   1161 |   3 |  544.7 |
               +--------+--------+--------+--------+--------+-----+--------+

Top non-repeatable levels by time:
     D:2: 714 daAuts
     D:1: 515 daAuts
     D:3: 404 daAuts
